Match 25672813
Unlisted

Match 25672813
End
250 Light Carrier
Panzergrenadier Squad
Panzergrenadier Squad
Construct Light Support Kompanie
2.5-tonne Medical Truck
MG34 Team
Fire Support Elements
Pak 38 Mechanized Group
Selects Italian Infantry
Selects Guastatori Squad
Guastatori Squad
Construct Panzerarmee Kommand
Selects Registered Artillery
Guastatori Squad
Panzer III L Medium Tank
Walking Stuka Rocket Launcher
Emergency Repair Kits
Selects Defensive Operations
Registered Artillery
Selects Territory Booby Traps
Selects Obice 305mm Barrage
Panzer III L Medium Tank
Tungsten Core Ammunition
Selects Towed Cannone da 105/28 Field Howitzer
Walking Stuka Rocket Launcher
Obice 305mm Barrage
Pak 38 Mechanized Group
Flak 36 Anti-tank Gun Team
Registered Artillery
Armored Reserves
Obice 305mm Barrage
Panzerjäger Squad
MG34 Team
震撼我妈一整年
抹茶冰冰乐
午睡红茶
Kiyori Zana[Monster™]
Mr.NooB
wntmd112
半面之缘
TidaL
0
0

Comments sign in to comment!

No comments posted yet!